 Dungeon Crawl Stone Soup version 0.32-a0-468-g38b2580584 (webtiles) character file.

Game seed: 1561992570645012950

347 mopl the Shooter (level 6, 0/38 HPs)
             Began as an Octopode Hexslinger on Feb 24, 2024.
             Slain by a hound zombie (3 damage)
             ... in an ossuary.
             The game lasted 00:03:55 (1734 turns).

mopl the Shooter (Octopode Hexslinger)              Turns: 1734, Time: 00:03:56

Health: 0/38       AC:  1    Str:  7    XL:     6   Next: 59%
Magic:  1/1        EV: 13    Int: 15    God:
Gold:   154        SH:  0    Dex: 17    Spells: 8/10 levels left

rFire   . . .        (no weapon)
rCold   . . .        (no shield)
rNeg    . . .        (helmet restricted)
rPois   .            b - amulet of Finality {Will++ Regen+ MP-9}
rElec   .            f - ring of wizardry
rCorr   .            (no ring)
SInv    .            (no ring)
Will    ++...        (no ring)
Stlth   +++          (no ring)
HPRegen 1.06/turn    (no ring)
MPRegen 0.07/turn    (no ring)
                     (no ring)

%: wizardry (x1)
@: brilliant, attractive
A: almost no armour, amphibious, 8 rings, camouflage 1, gelatinous body 1,
(nimble swimmer 1), tentacles
a: no special abilities


You were in an ossuary.
You visited 1 branch of the dungeon, and saw 3 of its levels.
You also visited: Ossuary.

You collected 154 gold pieces.

Inventory:

Hand Weapons
 a - a +1 sling
Jewellery
 b - the amulet of Finality (around mantle) {Will++ Regen+ MP-9}
   (You found it on level 4 of the Dungeon)

   [amulet of regeneration]

   Will++:    It greatly increases your willpower.
   MP-9:      It affects your magic capacity (-9).
   Regen+:    It increases your rate of health regeneration.
 f - a ring of wizardry (left tentacle)
Scrolls
 c - 2 scrolls of revelation {unknown}
 d - 2 scrolls of teleportation {unknown}
 h - a scroll of fear {unknown}
 i - 2 scrolls of amnesia {unknown}
 j - 4 scrolls of identify {unknown}
 m - a scroll of brand weapon {unknown}
Potions
 e - a potion of curing {unknown}
 g - a potion of attraction
 k - a potion of brilliance
 l - 2 potions of ambrosia {unknown}


   Skills:
 - Level 1.0 Fighting
 * Level 5.0 Ranged Weapons
 - Level 2.0 Dodging
 + Level 2.9 Spellcasting
 + Level 4.4 Hexes
 - Level 1.0 Fire Magic


You had 8 spell levels left.
You knew the following spells:

 Your Spells              Type           Power      Damage    Failure   Level
a - Jinxbite              Hex            46%        N/A       1%          2

Your spell library contained the following spells:

 Spells                   Type           Power      Damage    Failure   Level
 Sigil of Binding         Hex            23%        N/A       4%          3
 Inner Flame              Hex/Fire       15%        N/A       9%          3
 Cause Fear               Hex            11%        N/A       13%         4
 Dimensional Bullseye     Hex/Tloc       6%         N/A       32%         4


Dungeon Overview and Level Annotations

Branches:
Dungeon (4/15)            Ossuary (1/1)
 Temple: D:4-7

Altars:
Gozag
Nemelex Xobeh

Shops:
D:1 *

Annotations:
Ossuary 2 runed translucent doors


Innate Abilities, Weirdness & Mutations

You cannot wear most types of armour.
You are amphibious.
You can wear up to eight rings at the same time.
Your skin changes colour to match your surroundings (Stealth+).
Your rubbery body absorbs attacks. (AC +1, EV +1)
((You are camouflaged when in or above water. (Stealth+)))
You have tentacles for arms and can constrict up to eight enemies at once.


Message History

The burial acolyte is severely wounded.
You constrict the burial acolyte, but do no damage.
You constrict the hound zombie. The hound zombie bites you.
The burial acolyte hits you with a +0 dagger.
You tentacle-slap the burial acolyte but do no damage.
The burial acolyte is severely wounded.
You constrict the burial acolyte. You constrict the hound zombie.
The hound zombie misses you.
The burial acolyte utters a dark prayer and points at you.
Your life force is offered up.
* * * LOW HITPOINT WARNING * * *
The burial acolyte is healed.
The hound zombie is healed.
Unknown command.
Unknown command.
You tentacle-slap the burial acolyte but do no damage.
The burial acolyte is heavily wounded.
You constrict the burial acolyte. You constrict the hound zombie.
The hound zombie barely misses you.
The burial acolyte hits you with a +0 dagger.
* * * LOW HITPOINT WARNING * * *
The hound zombie closely misses you.
Okay, then.
You tentacle-slap the burial acolyte but do no damage.
You squeeze the burial acolyte, but do no damage.
The burial acolyte is heavily wounded.
You constrict the burial acolyte. You constrict the hound zombie.
The hound zombie closely misses you.
The burial acolyte hits you with a +0 dagger.
* * * LOW HITPOINT WARNING * * *
It was a potion of attraction.
You feel attractive to monsters.
You constrict the burial acolyte. You constrict the hound zombie.
The hound zombie barely misses you.
The burial acolyte recites a funeral chant.
The hound zombie is empowered.
It was a potion of brilliance.
You feel clever all of a sudden.
You constrict the burial acolyte. You constrict the hound zombie.
The hound zombie bites you.
You die...

##### ##...##
##.....##
#...∩...#
#.......#
#...∩.Z@#
##....p##
##...## #...#
#...#
#...'''''...#
##..'...'..##
#...'...'..M#
##..'...'.Z##


You could see a burial acolyte and a hound zombie (strong, swift).

Vanquished Creatures
  Edmund (D:4)
  An elf zombie (D:4)
  An elf skeleton (D:4)
  A human skeleton (D:4)
  An iguana (D:4)
  2 adders (D:2)
  A ribbon worm (D:2)
  A dart slug (D:1)
  5 ball pythons
  2 endoplasms
  A giant cockroach (D:2)
  A goblin (D:4)
  2 hobgoblins (D:2)
  3 jackals (D:1)
  A quokka (D:1)
  3 bats
  3 frilled lizards
  An orc skeleton (D:4)
  An orc zombie (D:4)
  4 rats
36 creatures vanquished.

Notes
Turn   | Place    | Note
-------+----------+-------------------------------------------
     0 | D:1      | mopl the Octopode Hexslinger began the quest for the Orb.
     0 | D:1      | Reached XP level 1. HP: 13/13 MP: 2/2
    63 | D:1      | Reached XP level 2. HP: 14/18 MP: 3/3
    73 | D:1      | Found Lupryhao's General Store.
   187 | D:1      | Learned a level 2 spell: Jinxbite
   195 | D:1      | Found Gaogan's Jewellery Shop.
   860 | D:2      | Reached XP level 3. HP: 15/23 MP: 5/5
  1034 | D:2      | Reached skill level 3 in Ranged Weapons
  1225 | D:2      | Found a faded altar of an unknown god.
  1423 | D:2      | You fall into a shaft and drop 2 floors!
  1425 | D:4      | Noticed Edmund
  1435 | D:4      | Found an opulent altar of Gozag.
  1478 | D:4      | Killed Edmund
  1479 | D:4      | Reached skill level 4 in Ranged Weapons
  1479 | D:4      | Reached skill level 2 in Spellcasting
  1479 | D:4      | Reached XP level 4. HP: 28/28 MP: 5/7
  1479 | D:4      | Reached XP level 5. HP: 33/33 MP: 5/8
  1509 | D:4      | Identified the amulet of Finality {Will++ Regen+ MP-9}
  1548 | D:4      | Reached skill level 4 in Hexes
  1579 | D:4      | Found a sparkling altar of Nemelex Xobeh.
  1594 | D:4      | Reached XP level 6. HP: 23/38 MP: 1/10
  1701 | D:4      | Reached skill level 5 in Ranged Weapons
  1704 | D:4      | Found a sand-covered staircase.
  1711 | Ossuary  | Entered an ossuary
  1711 | Ossuary  | Found a huge runed translucent gate.
  1711 | Ossuary  | Found a huge runed translucent gate.
  1711 | Ossuary  | Found a huge runed translucent gate.
  1711 | Ossuary  | Found a huge runed translucent gate.
  1711 | Ossuary  | Found a huge runed translucent gate.
  1711 | Ossuary  | Found a huge runed translucent gate.
  1711 | Ossuary  | Found a huge runed translucent gate.
  1711 | Ossuary  | Found a huge runed translucent gate.
  1711 | Ossuary  | Found a huge runed translucent gate.
  1713 | Ossuary  | Found a huge runed translucent gate.
  1713 | Ossuary  | Found a huge runed translucent gate.
  1714 | Ossuary  | Found a huge runed translucent gate.
  1714 | Ossuary  | Found a huge runed translucent gate.
  1716 | Ossuary  | Found a huge runed translucent gate.
  1716 | Ossuary  | Found a huge runed translucent gate.
  1732 | Ossuary  | HP: 1/38 [burial acolyte/+0 dagger (5)]
  1734 | Ossuary  | Slain by a hound zombie

Illustrated notes

Levels and vault maps discovered:
D:1:      dpeg_arrival_stone_temple_mockup, layout_basic, serial_shops, shop,
          nicolae_shop_stone, serial_bayou_ford_a
D:2:      minmay_chambers_of_ones, layout_basic, basic_ecumenical_altar,
          kennysheep_another_room
D:4:      layout_rooms, amcnicky_altar_gilded, mainiacjoe_overflow_catwalk,
          mainiacjoe_overflow_small_starburst, nicolae_ossuary_entry_catacombs,
          serial_shops, nicolae_square_shop, uniq_edmund
Ossuary:  minmay_ossuary_gauntlet

Skill      XL: |  1  2  3  4  5  6 |
---------------+-------------------+-----
Ranged Weapons | 4 5 |  5.0
Spellcasting   | 2 |  2.9
Hexes          | 4 |  4.4
Fighting       | |  1.0
Dodging        | |  2.0
Fire Magic     | |  1.0

Action                     |  1- 3 |  4- 6 || total
---------------------------+-------+-------++-------
  Melee: Unarmed           |     8 |    49 ||    57
         Tentacles         |     1 |    22 ||    23
         Constrict         |     1 |     7 ||     8
         Punch             |       |     1 ||     1
   Fire: Sling             |    91 |    17 ||   108
    Use: Scroll            |     1 |       ||     1
         Potion            |       |     2 ||     2
   Stab: Sleeping          |       |     2 ||     2
 Armour: Skin              |    22 |    34 ||    56
  Dodge: Dodged            |    38 |    24 ||    62

Table legend: (Time is in decaauts)
 A = Elapsed time spent in this place.
 B = Non-inter-level travel time spent in this place.
 C = Inter-level travel time spent in this place.
 D = Time resting spent in this place.
 E = Time spent auto-exploring this place.
 F = Levels seen in this place.
 G = Mean time per level.
                   A        B        C        D        E       F      G
               +--------+--------+--------+--------+--------+-----+--------+
         Total |   1755 |   1717 |     38 |    140 |   1041 |   4 |  438.8 |
       Dungeon |   1733 |   1695 |     38 |    140 |   1041 |   3 |  577.7 |
       Ossuary |     22 |     22 |      0 |      0 |      0 |   1 |   22.0 |
               +--------+--------+--------+--------+--------+-----+--------+

Top non-repeatable levels by time:
     D:1: 852 daAuts
     D:2: 591 daAuts
     D:4: 290 daAuts
 Ossuary: 22 daAuts
